 Dungeon Crawl Stone Soup version 0.30-a0-297-g0ec75d9ef4 (webtiles) character file.

Game seed: 17595021226967360259

14 NinjaNoafa the Grave Robber (level 2, 0/24 HPs)
             Began as a Meteoran Wanderer on Oct 18, 2022.
             Succumbed to an adder's poison
             ... on level 2 of the Dungeon.
             The game lasted 00:02:35 (521 turns).

NinjaNoafa the Grave Robber (Meteoran Wanderer)      Turns: 521, Time: 00:02:35

Health: 0/24       AC:  2    Str: 10    XL:     2   Next: 76%
Magic:  0/5        EV: 11    Int: 14    God:
Gold:   55         SH:  4    Dex: 15    Spells: 2/3 levels left

rFire   . . .      SeeInvis .    h - staff of conjuration
rCold   . . .      Faith    .    d - +0 buckler
rNeg    . . .      Spirit   .    c - +0 robe
rPois   .          Reflect  .    (no helmet)
rElec   .          Harm     .    (no cloak)
rCorr   .          Rampage  .    (no gloves)
Will    .....                    (no boots)
Stlth   +.........               (no amulet)
HPRegen 0.24/turn                (no ring)
MPRegen 0.09/turn                (no ring)

@: mighty, lethally poisoned (0 -> -1), glowing
A: sense surroundings 1, otherworldly, glowing, explore regen
a: no special abilities


You were on level 2 of the Dungeon.
You visited 1 branch of the dungeon, and saw 2 of its levels.

You collected 55 gold pieces.

Inventory:

Hand Weapons
 a - a +0 dagger
Missiles
 f - 8 stones
Armour
 c - a +0 robe (worn)
 d - a +0 buckler (worn)
Magical Staves
 h - a staff of conjuration (weapon)
Scrolls
 b - a scroll of fear
 g - a scroll of poison {unknown}
Potions
 e - a potion of might


   Skills:
 - Level 2.1 Fighting
 - Level 1.2 Armour
 - Level 1.2 Dodging
 - Level 1.2 Shields
 - Level 1.3 Spellcasting
 + Level 3.3 Necromancy
 - Level 2.4 Transmutations


You had 2 spell levels left.
You knew the following spells:

 Your Spells              Type           Power      Damage    Failure   Level
a - Necrotise             Necr           40%        1d6       9%          1

Your spell library contained the following spells:

 Spells                   Type           Power      Damage    Failure   Level
 Wereblood                Tmut           7%         N/A       19%         2
 Passwall                 Tmut/Erth      3%         N/A       30%         2
 Cigotuvi's Dreadful Rot  Necr/Pois/Air  8%         N/A       32%         2
 Anguish                  Hex/Necr       2%         N/A       86%         4


Dungeon Overview and Level Annotations

Branches:
Dungeon (2/15) Zot: 673

Altars:


Innate Abilities, Weirdness & Mutations

You passively map a small area around you.
You are easily found by Zot.
You glow in the dark.
You regain HP and MP as you explore.


Message History

The adder is lightly wounded.
You block the adder's attack. The adder bites you.
You closely miss the adder.
The adder is lightly wounded.
The adder barely misses you. The adder bites you but does no damage.
Your magical contamination has completely faded away.
You hit the adder.
The adder is moderately wounded.
The adder barely misses you.
You hit the adder but do no damage.
The adder is moderately wounded.
The adder bites you. x2
You miss the adder.
The adder is moderately wounded.
You block the adder's attack. The adder barely misses you.
You closely miss the adder.
The adder is moderately wounded.
The adder bites you.
* * * LOW HITPOINT WARNING * * *
You hit the adder.
The adder is moderately wounded.
The adder bites you.
* * * LOW HITPOINT WARNING * * *
You are poisoned.
The adder poisons you! You block the adder's attack.
You barely miss the adder.
The adder is moderately wounded.
You feel sick. The adder closely misses you. The adder bites you.
* * * LOW HITPOINT WARNING * * *
Casting: Necrotise (safe; 9% risk of failure)
Confirm with . or Enter, or press ? or * to list all spells.
Aiming: Necrotise (safe; 9% risk of failure)
Press: ? - help, Shift-Dir - straight line, f/p - adder
Aim: an adder (moderately wounded, chance to affect: 71%)
The adder writhes in agony.
* * * LOW HITPOINT WARNING * * *
You feel sick. The adder bites you but does no damage.
It was a potion of might.
You feel very mighty all of a sudden.
You die...

, ,
..... ,,
....# ,
< ...# *
* ,#..#
* #, ..#
*, #.
#g# *
#..#S###
,
#?.@..#
#.....#
#.$...#
* ,
#.#.###
*,, *
#.#.#
#...#
#...#* ,
* #.#.#
#.#. , ,


You could see an adder and a goblin.

Vanquished Creatures
  A bat (D:1)
  3 endoplasms (D:1)
  A giant cockroach (D:1)
  2 hobgoblins (D:1)
  A quokka (D:1)
  A goblin (D:1)
  A kobold (D:1)
  2 rats (D:1)
12 creatures vanquished.

Notes
Turn   | Place    | Note
-------+----------+-------------------------------------------
     0 | D:1      | NinjaNoafa the Meteoran Wanderer began the quest for the
                  | Orb.
     0 | D:1      | NinjaNoafa set off with the following items: a +0 dagger, a
                  | scroll of fear, a +0 robe, a +0 buckler; and the following
                  | spell memorised: Necrotise; and the following spells
                  | available to memorise: Wereblood, Passwall, Cigotuvi's
                  | Dreadful Rot, Anguish.
     0 | D:1      | Reached XP level 1. HP: 17/17 MP: 3/3
   221 | D:1      | Reached XP level 2. HP: 22/24 MP: 3/5
   274 | D:1      | Reached skill level 3 in Necromancy
   496 | D:1      | Glimpsed the power of Zot.
   502 | D:1      | You fall into a shaft and drop 1 floor!
   520 | D:2      | HP: 1/24 [poisoned by an adder]
   521 | D:2      | Succumbed to an adder's poison

Illustrated notes

Levels and vault maps discovered:
D:1:      dpeg_cavernosity, layout_basic, minmay_3d_cube
D:2:      layout_rooms, hellmonk_ecumenical_altar_crossroads

Skill      XL: |  1  2 |
---------------+-------+-----
Necromancy     | 3 |  3.3
Fighting       | |  2.1
Armour         | |  1.2
Dodging        | |  1.2
Shields        | |  1.2
Spellcasting   | |  1.3
Transmutations | |  2.4

Action                   || total
-------------------------++-------
Melee: Dagger            ||    24
       Staff             ||    20
 Cast: Necrotise         ||    23
  Use: Potion            ||     1
Armor: Robe              ||    12
Dodge: Dodged            ||    27
Block: Buckler           ||    13

Table legend: (Time is in decaauts)
 A = Elapsed time spent in this place.
 B = Non-inter-level travel time spent in this place.
 C = Inter-level travel time spent in this place.
 D = Time resting spent in this place.
 E = Time spent auto-exploring this place.
 F = Levels seen in this place.
 G = Mean time per level.
                   A        B        C        D        E       F      G
               +--------+--------+--------+--------+--------+-----+--------+
         Total |    526 |    526 |      0 |      0 |    353 |   2 |  263.0 |
       Dungeon |    526 |    526 |      0 |      0 |    353 |   2 |  263.0 |
               +--------+--------+--------+--------+--------+-----+--------+

Top non-repeatable levels by time:
     D:1: 505 daAuts
     D:2: 20 daAuts
